Map: Lightshade LE

Players

Lullaby - Winner!

  • Race: Protoss Protoss
  • League: Master
  • Spawn Location: 11:00

Osiris

  • Race: Terran Terran
  • League: Diamond
  • Spawn Location: 5:00

VOD

Have the link to the VOD?

Description

Time

  • Played on: Feb. 23, 2021, 8:21 p.m.
  • Length: 10:01
Show
View Real Time Build Order
Export as new Build Order

Lullaby Protoss - Winner!

Build Orders: 1 Gate Expand, Double Forge, Blink Stalkers 

Get SALT Encoding   

  12  0:00  Probe  
  13  0:12  Probe  
  14  0:17  Pylon  
  14  0:24  Probe  
  15  0:36  Probe (Chrono Boost)  
  15  0:38  Gateway  
  16  0:47  Assimilator, Probe (Chrono Boost)  
  17  0:52  Probe (Chrono Boost)  
  18  1:03  Probe  
  19  1:15  Probe  
  20  1:25  Nexus  
  20  1:33  Cybernetics Core  
  20  1:39  Assimilator  
  20  1:40  Probe  
  21  1:49  Pylon  
  21  1:52  Probe  
  22  2:04  Probe (Chrono Boost)  
  22  2:08  Stalker (Chrono Boost)  
  23  2:11  Warp Gate  
  25  2:17  Probe (Chrono Boost)  
  25  2:23  Probe (Chrono Boost)  
  25  2:28  Twilight Council  
  26  2:32  Probe (Chrono Boost)  
  26  2:36  Stalker  
  29  2:39  Probe (Chrono Boost)  
  31  2:48  Probe (Chrono Boost)  
  31  2:49  Probe (Chrono Boost)  
  32  2:54  Probe (Chrono Boost)  
  32  2:55  Probe  
  34  3:06  Stalker  
  34  3:07  Probe  
  34  3:08  Blink (Chrono Boost)  
  34  3:10  Probe  
  38  3:19  Probe  
  39  3:22  Probe  
  40  3:31  Gateway, Probe  
  40  3:33  Gateway  
  40  3:34  Probe  
  42  3:38  Pylon  
  42  3:43  Probe  
  43  3:49  Probe  
  43  3:52  Pylon  
  44  3:55  Probe  
  44  3:58  Pylon  
  44  3:59  Robotics Facility  
  44  4:00  Stalker  
  44  4:02  Probe  
  48  4:08  Probe  
  49  4:22  Nexus  
  49  4:24  Pylon  
  49  4:32  Stalker x3  
  55  4:38  Assimilator  
  55  4:40  Assimilator  
  55  4:41  Probe x2  
  57  4:48  Observer (Chrono Boost)  
  57  4:51  Forge  
  58  4:53  Probe  
  58  4:54  Forge  
  58  4:57  Probe  
  60  5:01  Observer (Chrono Boost)  
  60  5:05  Probe  
  62  5:09  Probe  
  62  5:10  Charge (Chrono Boost)  
  63  5:17  Probe  
  63  5:21  Stalker x3, Probe  
  71  5:29  Probe  
  71  5:31  Gateway  
  71  5:32  Gateway  
  71  5:34  Protoss Ground Weapons Level 1 (Chrono Boost)  
  71  5:35  Gateway  
  72  5:44  Protoss Ground Armor Level 1 (Chrono Boost), Observer  
  72  5:48  Probe x3  
  75  5:55  Twilight Council  
  75  5:59  Templar Archives  
  75  6:00  Probe x3  
  78  6:05  Pylon  
  78  6:08  Pylon  
  78  6:11  Observer  
  78  6:17  Zealot x3  
  83  6:21  Probe x3  
  86  6:27  Pylon  
  86  6:30  Pylon  
  86  6:37  Psionic Storm  
  86  6:38  Robotics Bay  
  86  6:42  Pylon, Zealot  
  86  6:43  Zealot x5  
  98  6:50  Probe x2  
  99  6:54  Assimilator  
  99  6:59  Assimilator  
  99  7:04  Probe x2  
  99  7:05  High Templar x2  
  99  7:06  Zealot x4  
  113  7:10  Pylon  
  113  7:16  Pylon  
  113  7:19  Pylon  
  113  7:22  Probe x3, Protoss Ground Weapons Level 2 (Chrono Boost)  
  116  7:25  Colossus (Chrono Boost)  
  122  7:39  High Templar  
  122  7:40  Zealot x5  
  134  8:00  Nexus  
  134  8:02  Pylon  
  134  8:07  Pylon, Colossus (Chrono Boost)  
  134  8:09  Extended Thermal Lance  
  140  8:14  Probe x2  
  140  8:15  Probe  
  143  8:27  Probe x3  
  146  8:30  High Templar x2  
  146  8:31  Zealot  
  146  8:32  Zealot x3  
  158  8:40  Gateway  
  158  8:42  Gateway  
  158  8:44  Gateway  
  158  8:46  Robotics Facility  
  158  8:52  Warp Prism (Chrono Boost)  
  160  9:04  Zealot  
  160  9:05  Zealot x5  
  146  9:29  Zealot  
  146  9:30  Zealot x5  
  156  9:37  Assimilator  
  168  9:41  Assimilator  
  150  9:54  Archon x2  
  150  9:57  Zealot  
  150  9:58  Zealot x8  
Show
View Real Time Build Order
Export as new Build Order

Osiris Terran 

Build Orders:  

Get SALT Encoding   

  12  0:00  SCV  
  13  0:12  SCV  
  14  0:17  Supply Depot  
  14  0:24  SCV  
  15  0:38  SCV  
  15  0:39  Barracks  
  16  0:44  Refinery  
  16  0:50  SCV  
  17  1:02  SCV  
  18  1:15  SCV  
  19  1:27  Orbital Command  
  19  1:41  Command Center  
  19  1:44  Marine  
  20  1:53  SCV  
  21  2:01  Supply Depot  
  21  2:03  Barracks Reactor  
  21  2:12  SCV  
  22  2:24  SCV  
  22  2:29  Command Center  
  23  2:36  SCV, Barracks  
  24  2:41  Marine  
  24  2:42  Marine  
  26  2:48  SCV  
  27  2:54  Orbital Command  
  27  2:58  Bunker  
  27  3:01  Marine x2  
  28  3:08  SCV  
  29  3:19  Marine x2  
  30  3:20  SCV  
  30  3:22  Engineering Bay  
  30  3:27  SCV  
  30  3:30  Barracks Tech Lab  
  31  3:35  SCV  
  31  3:37  Refinery  
  31  3:38  Marine x2  
  35  3:41  SCV  
  35  3:45  Orbital Command  
  34  3:53  Marine  
  34  3:54  SCV  
  34  3:55  SCV  
  37  3:56  Marine  
  37  4:01  Marine  
  39  4:06  SCV  
  39  4:07  Barracks  
  39  4:08  SCV  
  41  4:14  Marauder  
  41  4:16  Stimpack  
  43  4:17  SCV  
  43  4:18  Marine  
  43  4:19  Marine  
  43  4:22  SCV  
  47  4:24  Refinery, SCV  
  48  4:31  SCV  
  48  4:35  SCV, Terran Infantry Weapons Level 1  
  51  4:38  SCV  
  51  4:39  Marine  
  51  4:41  Marine, Marauder  
  51  4:44  SCV, Supply Depot  
  56  4:48  SCV, Supply Depot  
  57  4:55  SCV  
  57  4:56  Barracks Tech Lab  
  57  4:57  Marine  
  57  4:59  Factory, Marine  
  57  5:09  SCV, Marauder  
  57  5:10  SCV, Bunker  
  57  5:13  Supply Depot  
  60  5:14  SCV  
  61  5:21  SCV  
  61  5:24  SCV, Marine x2, Marauder  
  61  5:27  SCV  
  68  5:28  Combat Shield  
  68  5:33  SCV, Marauder  
  71  5:37  SCV, Supply Depot  
  71  5:39  SCV  
  73  5:43  Marine  
  73  5:44  Starport, Factory Reactor  
  73  5:47  SCV  
  75  5:51  Supply Depot  
  75  5:52  Marine  
  75  5:53  SCV, Marauder  
  75  5:55  SCV, Marauder  
  82  6:03  Marine  
  82  6:15  Marauder  
  84  6:20  Marine, Marauder  
  87  6:35  Medivac x2  
  87  6:36  Factory Reactor  
  87  6:38  Terran Infantry Armor Level 1, Barracks  
  91  6:40  Supply Depot x2, Barracks  
  91  6:43  Marine x2, Marauder x2  
  95  6:53  Concussive Shells  
  95  6:56  SCV  
  95  6:57  SCV  
  95  7:00  Refinery  
  97  7:04  SCV, Barracks x2  
  97  7:07  Supply Depot, Medivac  
  97  7:08  Barracks, Marine, Marauder x2  
  104  7:09  Marine  
  104  7:15  SCV, Orbital Command  
  107  7:24  SCV  
  107  7:29  Missile Turret x2  
  106  7:31  Barracks Tech Lab  
  106  7:32  Barracks Reactor  
  106  7:38  Marine  
  106  7:39  Marine, Marauder x2  
  112  7:50  Medivac x2  
  116  7:51  Refinery, Barracks Tech Lab  
  116  7:52  Missile Turret, Barracks Reactor  
  116  7:54  Widow Mine, SCV  
  116  7:55  SCV  
  116  7:56  SCV, Supply Depot  
  121  7:59  Marauder  
  121  8:00  Marauder  
  121  8:01  Barracks Tech Lab  
  121  8:03  Supply Depot  
  125  8:17  SCV, Marine x3  
  125  8:18  Marauder x2  
  133  8:20  Supply Depot  
  133  8:21  Supply Depot  
  133  8:24  SCV x2, Marine  
  133  8:25  Marauder  
  138  8:27  Supply Depot  
  138  8:32  Ghost Academy, Viking  
  138  8:33  Marine  
  74  8:41  Viking, Marauder  
  141  8:44  Sensor Tower, Marine  
  141  8:45  Marine x3  
  149  8:49  Engineering Bay  
  149  8:50  Armory  
  149  8:55  Supply Depot  
  149  8:56  Marine, Marauder  
  149  8:57  Supply Depot, Marine  
  149  8:58  Supply Depot  
  153  9:07  Marine x2, Marauder x2  
  158  9:24  Marauder x2  
  148  9:27  Viking x2  
  148  9:29  Marine x3  
  148  9:30  Marauder x2  
  158  9:32  Marine x3  
  158  9:33  Widow Mine x2  
Tags
 
Add a new tag
Caveats
  • Supply blocks, unpowered buildings, or Contaminate may cause inaccurate times.
  • Supply counts are checked every 10 seconds.